 Dungeon Crawl Stone Soup version 0.27-a0-1296-g8ece459b43 (webtiles) character file.

Game seed: 10270149572016225255

226 27snakeeyes612 the Shield-Bearer (level 6, 0/39 HPs)
             Began as a Gargoyle Fighter on June 16, 2021.
             Killed from afar by Sigmund (7 damage)
             ... with a puff of flame
             ... on level 2 of the Dungeon.
             The game lasted 00:02:00 (2852 turns).

27snakeeyes612 the Shield-Bearer (Gargoyle Fighter) Turns: 2852, Time: 00:02:01

Health: 0/39       AC: 14    Str: 22    XL:     6   Next: 1%
Magic:  6/6        EV:  6    Int:  8    God:
Gold:   89         SH:  9    Dex:  9    Spells: 5/5 levels left

rFire    . . .     SeeInvis .   a - +0 flail
rCold    . . .     Faith    .   c - +0 kite shield
rNeg     + . .     Spirit   .   m - +0 chain mail
rPois    ∞         Reflect  .   (no helmet)
rElec    +         Harm     .   (no cloak)
rCorr    .         Rampage  .   (no gloves)
Will     .....                  (no boots)
Stlth    ..........             (no amulet)
HPRegen  0.13/turn              (no ring)
MPRegen  0.10/turn              (no ring)

@: no status effects
A: sickness immunity, AC +4, negative energy resistance 1, electricity
resistance, torment resistance 1, petrification resistance
a: no special abilities


You were on level 2 of the Dungeon.
You visited 1 branch of the dungeon, and saw 2 of its levels.

You collected 89 gold pieces.

Inventory:

Hand Weapons
 a - a +0 flail (weapon)
Armour
 b - a +0 scale mail
 c - a +0 kite shield (worn)
 m - a +0 chain mail (worn)
Scrolls
 g - a scroll of fog {unknown}
 h - a scroll of amnesia {unknown}
 j - 2 scrolls of enchant weapon {unknown}
 k - a scroll of blinking {unknown}
 n - a scroll of identify {unknown}
Potions
 d - a potion of magic {unknown}
 e - a potion of curing {unknown}
 f - a potion of resistance {unknown}
 i - a potion of attraction {unknown}
 l - a potion of berserk rage {unknown}


   Skills:
 + Level 4.3 Fighting
 + Level 3.3 Maces & Flails
 + Level 4.4 Armour
 - Level 0.5 Dodging
 - Level 0.1 Stealth
 + Level 4.6 Shields


You had 5 spell levels left.
You didn't know any spells.
Your spell library was empty.

Dungeon Overview and Level Annotations

Branches:
Dungeon (2/15)

Altars:

Annotations:
D:2 Sigmund


Innate Abilities, Weirdness & Mutations

You are immune to sickness and miasma.
Your stone body is resilient. (AC +4)
You are immune to poison.
You resist negative energy. (rN+)
You are resistant to electric shocks. (rElec)
You are resistant to unholy torment.
You are immune to petrification.


Message History

You bump into the rock wall.
Something hits you but does no damage.
You bump into the rock wall.
Something hits you.
You bump into the rock wall.
Something hits you.
You bump into the rock wall.
You hear some strange, mumbled words.
A magic dart appears from out of thin air!
The magic dart hits you but does no damage.
You barely miss something.
You feel less confused. Something hits you.
You miss something.
Something hits you but does no damage. x2
You sock something! Something hits you.
You closely miss something. You block something's attack.
Something hits you but does no damage.
You closely miss something.
You hear some strange, mumbled words.
A magic dart appears from out of thin air!
The magic dart hits you but does no damage.
You closely miss something.
Something hits you but does no damage. x2
You barely miss something.
You hear some strange, mumbled words.
Something tries to affect you, but you resist.
You closely miss something. Something hits you but does no damage.
You miss something.
Something hits you but does no damage. x2
You barely miss something. Something hits you but does no damage.
You barely miss something. Something hits you. x2
* * * LOW HITPOINT WARNING * * *
You thump something! Something hits you but does no damage.
You miss something. Something hits you but does no damage. Something hits you.
* * * LOW HITPOINT WARNING * * *
You barely miss something. You block something's attack.
You miss something.
You hear some strange, mumbled words.
Something tries to affect you, but you resist.
You barely miss something.
Sigmund appears from thin air!
Reactivating autopickup.
You block Sigmund's attack. Sigmund casts a spell at you.
The puff of flame hits you!
You die...

#.# #.##### #.# #.#
#.# #.# #.# #.# #.#
#.# #.# #.#
#.#########.# #<#
#...........#######.#
#...................#
##.###########...####
#..@@.......'...'...
#############...###.
#........# #.
#.......## #.
#.......# #.
######### #. #. #.
#############.


You could see Sigmund.

Vanquished Creatures
  A black bear (D:2)
  Terence (D:1)
  Robin (D:2)
  4 adders (D:2)
  A worm (D:2)
  A dart slug (D:2)
  8 ball pythons
  2 endoplasms (D:1)
  3 giant cockroaches
  14 goblins
  3 hobgoblins
  A jackal (D:2)
  A quokka (D:2)
  4 bats
  A frilled lizard (D:1)
  6 kobolds
  3 rats
55 creatures vanquished.

Notes
Turn   | Place    | Note
-------+----------+-------------------------------------------
     0 | D:1      | 27snakeeyes612 the Gargoyle Fighter began the quest for the
                  | Orb.
     0 | D:1      | Reached XP level 1. HP: 14/14 MP: 1/1
   157 | D:1      | Found a faded altar of an unknown god.
   264 | D:1      | Reached XP level 2. HP: 19/19 MP: 2/2
  1276 | D:2      | Reached XP level 3. HP: 23/23 MP: 3/3
  1276 | D:2      | Noticed Terence
  1331 | D:1      | Killed Terence
  1738 | D:2      | Reached XP level 4. HP: 27/28 MP: 4/4
  2031 | D:2      | Noticed a black bear
  2286 | D:2      | Noticed Robin
  2294 | D:2      | Killed Robin
  2402 | D:2      | Killed a black bear
  2403 | D:2      | Reached XP level 5. HP: 11/33 MP: 5/5
  2665 | D:2      | Reached XP level 6. HP: 39/39 MP: 6/6
  2826 | D:2      | Noticed Sigmund
  2852 | D:2      | Killed from afar by Sigmund

Illustrated notes

Levels and vault maps discovered:
D:1:      matt_arrival_spirals, layout_basic, ebering_ecumenical_altar_abandoned
D:2:      layout_basic, minmay_close_crescents, uniq_sigmund, uniq_terence,
          uniq_robin

Skill      XL: |  1  2  3  4 |
---------------+-------------+-----
Shields        | 4 |  4.6
Armour         | 4 |  4.4
Fighting       | 4 |  4.3
Maces & Flails | 3 |  3.3
Dodging        | |  0.5
Stealth        | |  0.1

Action                   |  1- 3 |  4- 6 || total
-------------------------+-------+-------++-------
Melee: Flail             |   113 |   150 ||   263
  Use: Potion            |     1 |       ||     1
Armor: Scale mail        |    66 |    35 ||   101
       Chain mail        |       |    85 ||    85
Dodge: Dodged            |    55 |    53 ||   108
Block: Kite shield       |    74 |    81 ||   155

Table legend: (Time is in decaauts)
 A = Elapsed time spent in this place.
 B = Non-inter-level travel time spent in this place.
 C = Inter-level travel time spent in this place.
 D = Time resting spent in this place.
 E = Time spent auto-exploring this place.
 F = Levels seen in this place.
 G = Mean time per level.
                   A        B        C        D        E       F      G
               +--------+--------+--------+--------+--------+-----+--------+
         Total |   2983 |   2889 |     94 |    177 |   2073 |   2 | 1491.5 |
       Dungeon |   2983 |   2889 |     94 |    177 |   2073 |   2 | 1491.5 |
               +--------+--------+--------+--------+--------+-----+--------+

Top non-repeatable levels by time:
     D:2: 1520 daAuts
     D:1: 1462 daAuts
